[Event "XIV American Continental-ch 2019"]
[Site "Sao Paulo"]
[Date "2019.07.09"]
[Round "7.9"]
[White "Fier, Alexandr"]
[Black "Almiron, Antonio"]
[Result "1-0"]
[ECO "A11"]
[WhiteElo "2547"]
[BlackElo "2402"]
[Annotator "ChessBase"]
[PlyCount "93"]
[EventDate "2019.07.05"]
[EventType "swiss"]
[EventCountry "BRA"]
[SourceTitle "playchess.com"]
[Source "ChessBase"]
[SourceQuality "1"]
[TimeControl "40/5400+30:1800+30"]

1. c4 c6 2. Nf3 d5 3. e3 Nf6 4. Nc3 e6 5. b3 Bd6 6. Bb2 O-O 7. Be2 Re8 8. d4 Nbd7 9. O-O b6 10. Qc2 Bb7 11. Rad1 Qe7 12. Rfe1 Rac8 13. e4 dxe4 14. Nxe4 Nxe4 15. Qxe4 Bb4 16. Rf1 Ba3 17. Ba1 Nf6 18. Qe3 c5 19. Ne5 Red8 20. Nd3 cxd4 21. Bxd4 Bd6 22. Ne5 Nd7 23. h3 Nxe5 24. Bxe5 Bxe5 25. Qxe5 Qc5 26. Qf4 h6 27. Rfe1 Qg5 28. Qxg5 hxg5 29. f3 Kf8 30. Kf2 Ke7 31. Ke3 f5 32. Rxd8 Rxd8 33. Bd3 Kf6 34. Rc1 Rd7 35. b4 Ke5 36. a4 Bc6 37. a5 bxa5 38. b5 Bb7 39. Ra1 f4+ 40. Kd2 Kd4 41. Rxa5 Bc8 42. Ra1 e5 43. c5 Re7 44. Be4 Kc4 45. b6 axb6 46. cxb6 Kb5 47. Ra7 1-0

[Event "XIV American Continental-ch 2019"]
[Site "Sao Paulo"]
[Date "2019.07.10"]
[Round "7.10"]
[White "Sarkar, Justin"]
[Black "Mekhitarian, Krikor Sevag"]
[Result "0-1"]
[ECO "E53"]
[WhiteElo "2389"]
[BlackElo "2545"]
[Annotator "ChessBase"]
[PlyCount "68"]
[EventDate "2019.07.05"]
[EventType "swiss"]
[EventCountry "BRA"]
[SourceTitle "playchess.com"]
[Source "ChessBase"]
[SourceQuality "1"]
[TimeControl "40/5400+30:1800+30"]

1. d4 Nf6 2. c4 e6 3. Nc3 Bb4 4. e3 O-O 5. Bd3 d5 6. Nf3 c5 7. cxd5 exd5 8. dxc5 Nbd7 9. Bd2 Nxc5 10. Be2 Ne6 11. a3 Be7 12. O-O a6 13. Rc1 b5 14. Na2 Bb7 15. Bb4 Ne4 16. Nd4 Nxd4 17. exd4 Re8 18. Bxe7 Qxe7 19. Bg4 Qg5 20. Nb4 g6 21. Nd3 Re7 22. f3 Nf6 23. Nc5 Rae8 24. Rc2 Nxg4 25. fxg4 Bc8 26. h3 f5 27. gxf5 Bxf5 28. Qc1 Qh4 29. Rd2 Re1 30. Rd1 Rxf1+ 31. Kxf1 Bxh3 32. Qd2 Qg3 33. Kg1 Bg4 34. Qd3 Re3 0-1

[Event "XIV American Continental-ch 2019"]
[Site "Sao Paulo"]
[Date "2019.07.10"]
[Round "7.11"]
[White "Proudian, Armen"]
[Black "Barbosa, Evandro Amorim"]
[Result "1/2-1/2"]
[ECO "B48"]
[WhiteElo "2429"]
[BlackElo "2506"]
[Annotator "RC"]
[PlyCount "90"]
[EventDate "2019.07.05"]
[EventType "swiss"]
[EventCountry "BRA"]
[SourceTitle "playchess.com"]
[Source "ChessBase"]
[SourceQuality "1"]
[TimeControl "40/5400+30:1800+30"]

1. e4 c5 2. Nf3 e6 3. d4 cxd4 4. Nxd4 Nc6 5. Nc3 Qc7 6. Be3 a6 7. Qd2 Nf6 8. O-O-O Bb4 9. f3 O-O 10. g4 Ne5 11. g5 Nh5 12. Kb1 Bxc3 13. Qxc3 Qxc3 14. bxc3 d5 15. Be2 Ng6 16. Rhe1 Nhf4 17. Bf1 dxe4 18. fxe4 Bd7 19. Nf5 Bc6 20. Ne7+ Nxe7 21. Bxf4 Rfd8 22. Rd4 Ng6 23. Bc7 Rd7 24. Rxd7 Bxd7 25. Rd1 Bc6 26. e5 Rc8 27. Bd6 Nh4 28. Rd2 Nf3 29. Rg2 Bd5 30. Kb2 Rc6 31. a3 Rb6+ 32. Ka1 Rc6 33. Kb2 Rc8 34. h3 Rc6 35. a4 Rc8 36. a5 Kh8 37. Rg4 Nd2 38. Rf4 Kg8 39. Bd3 Nc4+ 40. Bxc4 Rxc4 41. Rxc4 Bxc4 42. h4 Bd5 43. Ka3 Be4 44. Kb3 h6 45. gxh6 gxh6 1/2-1/2

[Event "XIV American Continental-ch 2019"]
[Site "Sao Paulo"]
[Date "2019.07.09"]
[Round "7.12"]
[White "Santos, Marcus Vinicius More"]
[Black "Vazquez, Guillermo"]
[Result "1/2-1/2"]
[ECO "E46"]
[WhiteElo "2354"]
[BlackElo "2483"]
[Annotator "ChessBase"]
[PlyCount "89"]
[EventDate "2019.07.05"]
[EventType "swiss"]
[EventCountry "BRA"]
[SourceTitle "playchess.com"]
[Source "ChessBase"]
[SourceQuality "1"]
[TimeControl "40/5400+30:1800+30"]

1. d4 Nf6 2. c4 e6 3. Nc3 Bb4 4. e3 O-O 5. Nge2 c6 6. a3 Ba5 7. Qc2 d5 8. Ng3 Nbd7 9. Be2 dxc4 10. Bxc4 e5 11. O-O exd4 12. exd4 Bc7 13. Ba2 Nb6 14. Re1 Be6 15. Bb1 Re8 16. Be3 Nbd5 17. Bd2 Qd6 18. Re5 g6 19. Bg5 Bd7 20. Rxe8+ Rxe8 21. Ba2 b5 22. Bxd5 Nxd5 23. Nce4 Qf8 24. Nc5 Bxg3 25. hxg3 Bf5 26. Qd2 f6 27. Bh6 Qe7 28. Be3 Kf7 29. Re1 Qd6 30. Nb7 Qc7 31. Nc5 h5 32. Qc1 g5 33. Bd2 Rg8 34. Na6 Qc8 35. Nb4 Nxb4 36. Bxb4 Re8 37. Rxe8 Qxe8 38. Qc5 Kg6 39. Qxa7 Be4 40. Be7 Bd5 41. Qc7 Kf7 42. Bd8+ Kg6 43. Be7 Kf7 44. Bb4+ Kg6 45. Be7 1/2-1/2

[Event "XIV American Continental-ch 2019"]
[Site "Sao Paulo"]
[Date "2019.07.09"]
[Round "7.13"]
[White "Leitao, Rafael"]
[Black "Do Valle Cardoso, Lucas"]
[Result "1-0"]
[ECO "D25"]
[WhiteElo "2616"]
[BlackElo "2132"]
[Annotator "RC"]
[PlyCount "69"]
[EventDate "2019.07.05"]
[EventType "swiss"]
[EventCountry "BRA"]
[SourceTitle "playchess.com"]
[Source "ChessBase"]
[SourceQuality "1"]
[TimeControl "40/5400+30:1800+30"]

1. d4 d5 2. c4 dxc4 3. Nf3 Nf6 4. e3 b5 5. a4 b4 6. Bxc4 e6 7. O-O Be7 8. Qe2 O-O 9. Rd1 Bb7 10. a5 Nbd7 11. a6 Bd5 12. Nbd2 Qb8 13. e4 Bxc4 14. Nxc4 c5 15. Bg5 cxd4 16. Nxd4 Bc5 17. Nb3 Rc8 18. Nxc5 Rxc5 19. Be3 Rc6 20. Na5 Rd6 21. f3 Rxd1+ 22. Rxd1 Qe5 23. Nc6 Qh5 24. g4 Qh4 25. g5 Nxe4 26. fxe4 Qxe4 27. Ne7+ Kf8 28. Rxd7 Ke8 29. Rd4 Qb1+ 30. Rd1 Qe4 31. Qb5+ Kf8 32. Qe2 Ke8 33. Rd4 Qb1+ 34. Qd1 Qxd1+ 35. Rxd1 1-0

[Event "XIV American Continental-ch 2019"]
[Site "Sao Paulo"]
[Date "2019.07.09"]
[Round "7.14"]
[White "Mecking, Henrique"]
[Black "De Borba, Guilherme"]
[Result "1-0"]
[ECO "E15"]
[WhiteElo "2576"]
[BlackElo "2330"]
[Annotator "ChessBase"]
[PlyCount "91"]
[EventDate "2019.07.05"]
[EventType "swiss"]
[EventCountry "BRA"]
[SourceTitle "playchess.com"]
[Source "ChessBase"]
[SourceQuality "1"]
[TimeControl "40/5400+30:1800+30"]

1. d4 Nf6 2. c4 e6 3. Nf3 b6 4. g3 Ba6 5. b3 Bb4+ 6. Bd2 Bxd2+ 7. Nbxd2 c5 8. e4 cxd4 9. e5 Ng4 10. h3 Nh6 11. Nxd4 Bb7 12. N2f3 f6 13. exf6 Qxf6 14. Bg2 O-O 15. O-O Na6 16. Qe2 Nc5 17. Rad1 a5 18. Ne5 Bxg2 19. Kxg2 Nf7 20. Nxf7 Rxf7 21. Qf3 Raf8 22. Qxf6 Rxf6 23. f4 g5 24. fxg5 Rxf1 25. Rxf1 Rxf1 26. Kxf1 Ne4 27. h4 Nxg3+ 28. Kf2 Ne4+ 29. Ke3 Nc5 30. Nb5 Kg7 31. h5 e5 32. Nc7 d6 33. Ne8+ Kf8 34. Nxd6 a4 35. bxa4 Nxa4 36. Ke4 Nc3+ 37. Kxe5 Nxa2 38. Nc8 Nb4 39. Nxb6 Nd3+ 40. Kf5 Nc5 41. Nd5 Kf7 42. Nf4 Ke7 43. g6 hxg6+ 44. Kxg6 Kd6 45. h6 Nd7 46. Kg7 1-0

[Event "XIV American Continental-ch 2019"]
[Site "Sao Paulo"]
[Date "2019.07.09"]
[Round "7.15"]
[White "Lima, Darcy"]
[Black "Rangel, Daniel"]
[Result "1-0"]
[ECO "A00"]
[WhiteElo "2543"]
[BlackElo "2325"]
[Annotator "ChessBase"]
[PlyCount "69"]
[EventDate "2019.07.05"]
[EventType "swiss"]
[EventCountry "BRA"]
[SourceTitle "playchess.com"]
[Source "ChessBase"]
[SourceQuality "1"]
[TimeControl "40/5400+30:1800+30"]

1. g3 Nf6 2. Bg2 d5 3. f4 g6 4. d3 Bg7 5. Nf3 O-O 6. O-O b6 7. Nc3 Bb7 8. e4 dxe4 9. Ng5 Nbd7 10. dxe4 h6 11. Nh3 Nc5 12. Nf2 e5 13. Be3 Qe7 14. f5 Rad8 15. Qe2 a5 16. a3 Ra8 17. Rfe1 Rfd8 18. h4 gxf5 19. exf5 e4 20. Ng4 Nxg4 21. Qxg4 Kh7 22. Rf1 Qf6 23. Qh5 Qd6 24. f6 Qxg3 25. Bf4 Qg6 26. Qxg6+ Kxg6 27. fxg7 f5 28. Bxc7 Rd7 29. Bxb6 Ne6 30. h5+ Kg5 31. Be3+ f4 32. Nxe4+ Bxe4 33. Bxe4 Rg8 34. Bf2 Nxg7 35. Rad1 1-0

[Event "XIV American Continental-ch 2019"]
[Site "Sao Paulo"]
[Date "2019.07.09"]
[Round "7.16"]
[White "Di Berardino, Diego Rafael"]
[Black "Coro, Lucas"]
[Result "1-0"]
[ECO "E81"]
[WhiteElo "2506"]
[BlackElo "2312"]
[Annotator "ChessBase"]
[PlyCount "63"]
[EventDate "2019.07.05"]
[EventType "swiss"]
[EventCountry "BRA"]
[SourceTitle "playchess.com"]
[Source "ChessBase"]
[SourceQuality "1"]
[TimeControl "40/5400+30:1800+30"]

1. d4 Nf6 2. c4 g6 3. Nc3 Bg7 4. e4 d6 5. f3 O-O 6. Bg5 c5 7. d5 e6 8. Qd2 Re8 9. Nge2 exd5 10. cxd5 a6 11. a4 Nbd7 12. Ng3 Ne5 13. Be2 Qa5 14. O-O Qb4 15. Kh1 Bd7 16. Qf4 Qxb2 17. Rfc1 Nh5 18. Nxh5 gxh5 19. Rab1 Qa3 20. Bf6 c4 21. Qg5 Ng6 22. Bxg7 Kxg7 23. Rxb7 Re5 24. Qd2 Bxa4 25. f4 Re7 26. Rbb1 Bb3 27. f5 Ne5 28. f6+ Kxf6 29. Qh6+ Ng6 30. Rf1+ Ke5 31. Qg7+ f6 32. Qxf6# {Kxd5} 1-0

[Event "XIV American Continental-ch 2019"]
[Site "Sao Paulo"]
[Date "2019.07.09"]
[Round "7.17"]
[White "Cubas, Jose Fernando"]
[Black "Uribe Arteaga, Daniel"]
[Result "1/2-1/2"]
[ECO "B06"]
[WhiteElo "2493"]
[BlackElo "2304"]
[Annotator "ChessBase"]
[PlyCount "81"]
[EventDate "2019.07.05"]
[EventType "swiss"]
[EventCountry "BRA"]
[SourceTitle "playchess.com"]
[Source "ChessBase"]
[SourceQuality "1"]
[TimeControl "40/5400+30:1800+30"]

1. e4 g6 2. d4 Bg7 3. Nc3 c6 4. f4 d5 5. e5 Nh6 6. Nf3 f6 7. Bd3 Bg4 8. Be3 O-O 9. O-O e6 10. Qd2 Bxf3 11. Rxf3 c5 12. f5 cxd4 13. Bxh6 dxc3 14. bxc3 exf5 15. Rh3 Bxh6 16. Qxh6 Rf7 17. exf6 Qxf6 18. Re1 Nc6 19. Rhe3 Re7 20. Rxe7 Nxe7 21. c4 Rc8 22. Qe3 dxc4 23. Qxe7 Qxe7 24. Rxe7 cxd3 25. cxd3 Rc1+ 26. Kf2 Rc2+ 27. Kf3 Rd2 28. Rxb7 Rxd3+ 29. Kf4 Rd2 30. Rxa7 Rxg2 31. Ke5 Kf8 32. Kf6 Ke8 33. Re7+ Kd8 34. Rxh7 f4 35. Ke5 g5 36. Ke4 Rxa2 37. Rg7 Rg2 38. Kf3 Rg1 39. Kf2 Rg4 40. Kf3 Rg1 41. Kf2 1/2-1/2

[Event "XIV American Continental-ch 2019"]
[Site "Sao Paulo"]
[Date "2019.07.10"]
[Round "7.18"]
[White "Hambleton, Aman"]
[Black "Donoso Diaz, Sebastian"]
[Result "1-0"]
[ECO "A33"]
[WhiteElo "2487"]
[BlackElo "2239"]
[Annotator "ChessBase"]
[PlyCount "79"]
[EventDate "2019.07.05"]
[EventType "swiss"]
[EventCountry "BRA"]
[SourceTitle "playchess.com"]
[Source "ChessBase"]
[SourceQuality "1"]
[TimeControl "40/5400+30:1800+30"]

1. c4 c5 2. Nf3 Nc6 3. Nc3 Nf6 4. d4 cxd4 5. Nxd4 e6 6. g3 Bc5 7. Nb3 Be7 8. Bg2 O-O 9. O-O d6 10. Bf4 h6 11. Rc1 g5 12. Bd2 Ne5 13. Nb5 Ng6 14. Bb4 Ne8 15. c5 d5 16. e4 a5 17. Ba3 Bd7 18. Nd6 Bxd6 19. cxd6 b5 20. Bc5 Ra6 21. exd5 e5 22. Be3 Nxd6 23. Nc5 Ra8 24. Nxd7 Qxd7 25. Rc6 Rfc8 26. Qh5 Kg7 27. Bh3 f5 28. Bxf5 Qxf5 29. Rxd6 Rd8 30. Rb6 Rxd5 31. Rc1 Rad8 32. Rcc6 Rd1+ 33. Kg2 Qe4+ 34. Kh3 Qf5+ 35. Qg4 Ne7 36. Rxh6 Qxg4+ 37. Kxg4 Nd5 38. Rbg6+ Kf7 39. Kxg5 Ne7 40. Rh7+ 1-0

[Event "XIV American Continental-ch 2019"]
[Site "Sao Paulo"]
[Date "2019.07.09"]
[Round "7.19"]
[White "Jodorcovsky Werjivker, Paulo"]
[Black "Roselli Mailhe, Bernardo"]
[Result "0-1"]
[ECO "E76"]
[WhiteElo "2228"]
[BlackElo "2471"]
[Annotator "ChessBase"]
[PlyCount "62"]
[EventDate "2019.07.05"]
[EventType "swiss"]
[EventCountry "BRA"]
[SourceTitle "playchess.com"]
[Source "ChessBase"]
[SourceQuality "1"]
[TimeControl "40/5400+30:1800+30"]

1. d4 Nf6 2. c4 g6 3. Nc3 Bg7 4. e4 d6 5. f4 O-O 6. Nf3 Na6 7. Bd3 Bg4 8. Be3 Nd7 9. O-O e5 10. dxe5 dxe5 11. f5 Nb4 12. h3 Bxf3 13. Rxf3 Nc6 14. Rf2 Nd4 15. Qf1 c6 16. Rd1 Qh4 17. Rfd2 Bh6 18. Bxh6 Qxh6 19. Qf2 Qg5 20. Ne2 c5 21. Nc3 Nb6 22. Kh1 Rad8 23. b3 Rd6 24. Bb1 Nd7 25. Nd5 Nf6 26. Qe3 Qxe3 27. Nxe3 Rfd8 28. fxg6 hxg6 29. g3 R8d7 30. Kg2 Nf5 31. Nd5 Nxd5 0-1

[Event "XIV American Continental-ch 2019"]
[Site "Sao Paulo"]
[Date "2019.07.09"]
[Round "7.20"]
[White "Albuquerque Junior, Wellington S."]
[Black "Perdomo, Leandro"]
[Result "0-1"]
[ECO "A26"]
[WhiteElo "2204"]
[BlackElo "2468"]
[Annotator "ChessBase"]
[PlyCount "80"]
[EventDate "2019.07.05"]
[EventType "swiss"]
[EventCountry "BRA"]
[SourceTitle "playchess.com"]
[Source "ChessBase"]
[SourceQuality "1"]
[TimeControl "40/5400+30:1800+30"]

1. c4 g6 2. g3 Bg7 3. Bg2 e5 4. Nc3 Nc6 5. d3 d6 6. e4 Be6 7. Nge2 Qd7 8. Nd5 Nce7 9. h4 c6 10. Nxe7 Nxe7 11. Be3 f5 12. Qa4 O-O 13. d4 fxe4 14. Bxe4 b5 15. cxb5 cxb5 16. Qd1 Bd5 17. Bxd5+ Nxd5 18. Qb3 Qf7 19. O-O Nxe3 20. Qxe3 Rae8 21. dxe5 Rxe5 22. Qd2 Rfe8 23. Nc3 b4 24. Nd1 Qb7 25. Qxd6 Rd5 26. Qf4 Rd4 27. Qc1 Qf3 28. Qc5 Rxh4 29. gxh4 Qg4+ 30. Kh1 Qxh4+ 31. Kg2 Qg4+ 32. Kh1 Re5 33. Qxe5 Bxe5 34. Re1 Qh3+ 35. Kg1 Bh2+ 36. Kh1 Bf4+ 37. Kg1 h5 38. a3 b3 39. Re3 Qh2+ 40. Kf1 Bxe3 0-1

[Event "XIV American Continental-ch 2019"]
[Site "Sao Paulo"]
[Date "2019.07.09"]
[Round "7.21"]
[White "Escalante Ramirez, Brian Sebasti"]
[Black "Pereira, Silvio Cunha"]
[Result "1-0"]
[ECO "C45"]
[WhiteElo "2447"]
[BlackElo "2220"]
[Annotator "NA"]
[PlyCount "35"]
[EventDate "2019.07.05"]
[EventType "swiss"]
[EventCountry "BRA"]
[SourceTitle "playchess.com"]
[Source "ChessBase"]
[SourceQuality "1"]
[TimeControl "40/5400+30:1800+30"]

1. e4 e5 2. Nf3 Nc6 3. d4 exd4 4. Nxd4 Bc5 5. Nb3 Bb6 6. Nc3 d6 7. Qe2 Qh4 8. g3 Qg4 9. f3 Qh5 10. Be3 Ne5 11. Bg2 Be6 12. O-O-O Bc4 13. Qf2 Nf6 14. Nd4 Be6 15. g4 Qg6 16. Bf1 Nxf3 17. Nxe6 Nxg4 18. Nxc7+ 1-0

[Event "XIV American Continental-ch 2019"]
[Site "Sao Paulo"]
[Date "2019.07.10"]
[Round "7.22"]
[White "Garcia Cardenas, Pablo"]
[Black "Guimaraes, Wagner Peixoto"]
[Result "1-0"]
[ECO "E71"]
[WhiteElo "2443"]
[BlackElo "2206"]
[Annotator "NA RC"]
[PlyCount "75"]
[EventDate "2019.07.05"]
[EventType "swiss"]
[EventCountry "BRA"]
[SourceTitle "playchess.com"]
[Source "ChessBase"]
[SourceQuality "1"]
[TimeControl "40/5400+30:1800+30"]

1. d4 Nf6 2. c4 g6 3. Nc3 Bg7 4. e4 d6 5. h3 O-O 6. Be3 Na6 7. g4 c5 8. Nge2 cxd4 9. Nxd4 Nc5 10. Bg2 a5 11. b3 Bd7 12. O-O Rc8 13. Rc1 h5 14. g5 Nh7 15. h4 a4 16. b4 Na6 17. b5 Nc5 18. Nxa4 Nxa4 19. Qxa4 Ra8 20. Qb3 Qa5 21. Rc2 Rfc8 22. Qd3 Nf8 23. f4 Qb4 24. Nb3 Ra3 25. f5 Be5 26. Bd4 Bxd4+ 27. Qxd4 Rca8 28. Qf2 Be8 29. e5 dxe5 30. Bxb7 Rd8 31. Bc6 Rxb3 32. axb3 Bxc6 33. fxg6 Bd5 34. cxd5 Qg4+ 35. Kh2 Nxg6 36. Qxf7+ Kh8 37. Qxg6 Qxh4+ 38. Kg1 1-0

[Event "XIV American Continental-ch 2019"]
[Site "Sao Paulo"]
[Date "2019.07.10"]
[Round "7.23"]
[White "Sanchez Alvarez, Roberto Carlos"]
[Black "Alboredo, Julia"]
[Result "1/2-1/2"]
[ECO "E81"]
[WhiteElo "2434"]
[BlackElo "2175"]
[Annotator "NA"]
[PlyCount "77"]
[EventDate "2019.07.05"]
[EventType "swiss"]
[EventCountry "BRA"]
[SourceTitle "playchess.com"]
[Source "ChessBase"]
[SourceQuality "1"]
[TimeControl "40/5400+30:1800+30"]

1. d4 Nf6 2. c4 g6 3. Nc3 Bg7 4. e4 d6 5. f3 O-O 6. Nge2 c5 7. d5 e6 8. Ng3 exd5 9. cxd5 a6 10. a4 h5 11. Be2 Nbd7 12. Bg5 Qc7 13. Qd2 Rb8 14. O-O c4 15. Rac1 b5 16. axb5 axb5 17. b4 Re8 18. Ra1 Nh7 19. Be3 h4 20. Nh1 Ne5 21. Ra7 Qd8 22. f4 Ng4 23. Bxg4 Bxg4 24. Nf2 Bd7 25. Bd4 Bxd4 26. Qxd4 Ra8 27. Rfa1 Rxa7 28. Rxa7 g5 29. Ra6 Bc8 30. Rb6 gxf4 31. Nxb5 Qg5 32. Kf1 h3 33. Nxh3 Bxh3 34. gxh3 f3 35. Qg1 Rxe4 36. Rb8+ Kg7 37. Qxg5+ Nxg5 38. Nxd6 Re2 39. Nf5+ 1/2-1/2

[Event "XIV American Continental-ch 2019"]
[Site "Sao Paulo"]
[Date "2019.07.09"]
[Round "7.24"]
[White "Tomiello, Lucas Costamilan"]
[Black "Bittencourt, Jorge"]
[Result "1/2-1/2"]
[ECO "C91"]
[WhiteElo "2133"]
[BlackElo "2433"]
[Annotator "NA"]
[PlyCount "58"]
[EventDate "2019.07.05"]
[EventType "swiss"]
[EventCountry "BRA"]
[SourceTitle "playchess.com"]
[Source "ChessBase"]
[SourceQuality "1"]
[TimeControl "40/5400+30:1800+30"]

1. e4 e5 2. Nf3 Nc6 3. Bb5 a6 4. Ba4 Nf6 5. O-O Be7 6. Re1 b5 7. Bb3 d6 8. c3 O-O 9. d4 Bg4 10. d5 Na5 11. Bc2 Qc8 12. h3 Bd7 13. Nbd2 c6 14. dxc6 Qxc6 15. Nf1 Nc4 16. Ng3 Rfc8 17. a4 Nb6 18. a5 Na4 19. Nf5 Bf8 20. Ne3 g6 21. Bb3 Be6 22. Nd5 Bxd5 23. exd5 Qb7 24. Bxa4 bxa4 25. Qxa4 Qxd5 26. Be3 Qc4 27. Nd2 Qe6 28. Rac1 Rab8 29. b4 Nd7 1/2-1/2

[Event "XIV American Continental-ch 2019"]
[Site "Sao Paulo"]
[Date "2019.07.10"]
[Round "8.3"]
[White "Mekhitarian, Krikor Sevag"]
[Black "Gareyev, Timur"]
[Result "1/2-1/2"]
[ECO "A52"]
[WhiteElo "2545"]
[BlackElo "2588"]
[Annotator "ChessBase"]
[PlyCount "72"]
[EventDate "2019.07.05"]
[EventType "swiss"]
[EventCountry "BRA"]
[SourceTitle "playchess.com"]
[Source "ChessBase"]
[SourceQuality "1"]
[TimeControl "40/5400+30:1800+30"]

1. d4 Nf6 2. c4 e5 3. dxe5 Ng4 4. e3 Nxe5 5. Nh3 d6 6. Nf4 g6 7. Nc3 Bg7 8. Be2 O-O 9. O-O a5 10. e4 Na6 11. Be3 Nc5 12. Qd2 Re8 13. Rad1 b6 14. Nfd5 c6 15. Nf4 Ra7 16. f3 Bf8 17. Rfe1 f5 18. exf5 Bxf5 19. Bf1 Rf7 20. Kh1 Qh4 21. Qf2 Qxf2 22. Bxf2 Bd7 23. Nd3 Nexd3 24. Bxd3 Rxe1+ 25. Bxe1 Nxd3 26. Rxd3 Bf5 27. Rd2 g5 28. Bg3 Rf6 29. Kg1 Re6 30. b3 g4 31. Ne4 gxf3 32. gxf3 Bxe4 33. fxe4 Kf7 34. Kf2 Rf6+ 35. Ke2 Ke6 36. Rd3 Be7 1/2-1/2

[Event "XIV American Continental-ch 2019"]
[Site "Sao Paulo"]
[Date "2019.07.10"]
[Round "8.7"]
[White "Quintiliano Pinto, Renato R."]
[Black "Gonzalez Vidal, Yuri"]
[Result "0-1"]
[ECO "D38"]
[WhiteElo "2443"]
[BlackElo "2547"]
[Annotator "ChessBase"]
[PlyCount "72"]
[EventDate "2019.07.05"]
[EventType "swiss"]
[EventCountry "BRA"]
[SourceTitle "playchess.com"]
[Source "ChessBase"]
[SourceQuality "1"]
[TimeControl "40/5400+30:1800+30"]

1. d4 Nf6 2. c4 e6 3. Nf3 d5 4. Nc3 Bb4 5. Qa4+ Nc6 6. e3 O-O 7. Bd2 Re8 8. Qc2 a6 9. Rd1 h6 10. h3 Bd6 11. a3 dxc4 12. Bxc4 e5 13. d5 Ne7 14. e4 Ng6 15. Be3 Bd7 16. Nd2 Qe7 17. Be2 Nf4 18. Bf1 c6 19. dxc6 Bxc6 20. Nc4 Bc7 21. b4 Rad8 22. Rxd8 Rxd8 23. g3 Qd7 24. gxf4 exf4 25. Bb6 Bxb6 26. Nxb6 Qd4 27. Bg2 Qxb6 28. O-O Rd4 29. Re1 Qd8 30. Qc1 Rd3 31. Bf1 Rd2 32. Re2 Rxe2 33. Bxe2 Qd4 34. Bf3 Qd3 35. Bg2 f3 36. Bf1 Qd4 0-1

[Event "XIV American Continental-ch 2019"]
[Site "Sao Paulo"]
[Date "2019.07.10"]
[Round "8.8"]
[White "Leitao, Rafael"]
[Black "Escalante Ramirez, Brian Sebasti"]
[Result "1/2-1/2"]
[ECO "E71"]
[WhiteElo "2616"]
[BlackElo "2447"]
[Annotator "ChessBase"]
[PlyCount "93"]
[EventDate "2019.07.05"]
[EventType "swiss"]
[EventCountry "BRA"]
[SourceTitle "playchess.com"]
[Source "ChessBase"]
[SourceQuality "1"]
[TimeControl "40/5400+30:1800+30"]

1. d4 Nf6 2. c4 g6 3. Nc3 Bg7 4. e4 d6 5. h3 O-O 6. Be3 c5 7. Nf3 cxd4 8. Nxd4 Nc6 9. Be2 Bd7 10. O-O Nxd4 11. Bxd4 Bc6 12. Qc2 a5 13. Rad1 Qc7 14. b3 b5 15. cxb5 Bxe4 16. Bd3 Bb7 17. Bxf6 Bxf6 18. Nd5 Qxc2 19. Nxf6+ Kg7 20. Nh5+ gxh5 21. Bxc2 Rfc8 22. Bd3 a4 23. Rfe1 axb3 24. axb3 Kf6 25. Bxh7 d5 26. f4 Ra2 27. Bd3 Rc3 28. Bf1 Rxb3 29. Rc1 d4 30. Rc7 Bxg2 31. Bc4 Rc3 32. Bxa2 Rxc7 33. Kxg2 Rc2+ 34. Kf3 Rxa2 35. Rb1 Kf5 36. b6 Ra3+ 37. Ke2 Ra8 38. b7 Rb8 39. Kf3 f6 40. Rb5+ e5 41. fxe5 fxe5 42. h4 d3 43. Ke3 Kg4 44. Kxd3 Kxh4 45. Ke4 Kg3 46. Kxe5 h4 47. Kd6 1/2-1/2

[Event "XIV American Continental-ch 2019"]
[Site "Sao Paulo"]
[Date "2019.07.10"]
[Round "8.9"]
[White "Mieles Palau, Daniel"]
[Black "Mecking, Henrique"]
[Result "1/2-1/2"]
[ECO "A15"]
[WhiteElo "2359"]
[BlackElo "2576"]
[Annotator "RC"]
[PlyCount "57"]
[EventDate "2019.07.05"]
[EventType "swiss"]
[EventCountry "BRA"]
[TimeControl "40/5400+30:1800+30"]

1. c4 Nf6 2. Nf3 g6 3. b3 Bg7 4. Bb2 c5 5. g3 b6 6. Bg2 Bb7 7. O-O O-O 8. d4 cxd4 9. Qxd4 d6 10. Nc3 Ne4 11. Qe3 Nxc3 12. Bxc3 Bxc3 13. Qxc3 Nd7 14. Nh4 Qc7 15. Rfd1 Nf6 16. Rac1 Rac8 17. Qe3 Rfe8 18. b4 Bxg2 19. Nxg2 Qb7 20. Rd4 d5 21. cxd5 Nxd5 22. Rxc8 Rxc8 23. Qd2 Nf6 24. Ne3 h5 25. f3 Qc7 26. Rc4 Qb7 27. Rd4 Qc7 28. Rc4 Qb7 29. Rd4 1/2-1/2

[Event "XIV American Continental-ch 2019"]
[Site "Sao Paulo"]
[Date "2019.07.11"]
[Round "8.10"]
[White "Languidey, Simon Alejandro"]
[Black "Lima, Darcy"]
[Result "0-1"]
[ECO "C65"]
[WhiteElo "2427"]
[BlackElo "2543"]
[Annotator "ChessBase"]
[PlyCount "102"]
[EventDate "2019.07.05"]
[EventType "swiss"]
[EventCountry "BRA"]
[SourceTitle "playchess.com"]
[Source "ChessBase"]
[SourceQuality "1"]
[TimeControl "40/5400+30:1800+30"]

1. e4 e5 2. Nf3 Nc6 3. Bb5 Nf6 4. Qe2 Bc5 5. c3 O-O 6. O-O d6 7. d3 Qe7 8. Bg5 h6 9. Bh4 Nb8 10. Nbd2 c6 11. Ba4 Nbd7 12. b4 Bb6 13. Bb3 Re8 14. Nc4 Bc7 15. Ne3 Nf8 16. Bg3 Nh5 17. Nxe5 Nxg3 18. fxg3 Qxe5 19. Bxf7+ Kh8 20. Bxe8 Qxe8 21. d4 Be6 22. Rae1 Qd7 23. Kh1 Re8 24. Qh5 Kg8 25. c4 Bf7 26. Qf3 Nh7 27. h4 Bd8 28. d5 Bg6 29. Nf5 cxd5 30. cxd5 Bf6 31. Qf2 Bc3 32. Re2 Nf6 33. Qf3 Be5 34. g4 Rc8 35. g5 Bh5 36. Qf2 Bxe2 37. Qxe2 hxg5 38. hxg5 Nh7 39. Qg4 Rc7 40. Qh5 Qb5 41. Kg1 Nf8 42. g6 Bf6 43. Nh6+ gxh6 44. Rxf6 Qb6+ 45. Kh2 Qd4 46. Rf5 Qg7 47. e5 dxe5 48. Qf3 Nxg6 49. d6 Rd7 50. Qd5+ Kh7 51. Qe6 Nf4 0-1

[Event "XIV American Continental-ch 2019"]
[Site "Sao Paulo"]
[Date "2019.07.10"]
[Round "8.11"]
[White "Barbosa, Evandro Amorim"]
[Black "Garcia Cardenas, Pablo"]
[Result "1-0"]
[ECO "C78"]
[WhiteElo "2506"]
[BlackElo "2443"]
[Annotator "ChessBase"]
[PlyCount "55"]
[EventDate "2019.07.05"]
[EventType "swiss"]
[EventCountry "BRA"]
[SourceTitle "playchess.com"]
[Source "ChessBase"]
[SourceQuality "1"]
[TimeControl "40/5400+30:1800+30"]

1. e4 e5 2. Nf3 Nc6 3. Bb5 a6 4. Ba4 Nf6 5. O-O b5 6. Bb3 Bc5 7. c3 d6 8. d4 Bb6 9. a4 Rb8 10. a5 Ba7 11. h3 O-O 12. Be3 Ra8 13. Nbd2 h6 14. Re1 Re8 15. Nf1 exd4 16. cxd4 Nb4 17. Qd2 c5 18. Ng3 Bb7 19. Bxh6 Nxe4 20. Rxe4 Bxe4 21. Bxg7 Kxg7 22. Nh5+ Kf8 23. Qh6+ Ke7 24. Bxf7 Kd7 25. Bxe8+ Kc7 26. Qg7+ Kb8 27. Re1 d5 28. Bg6 1-0